 Dungeon Crawl Stone Soup version 0.23.0-2-g0fe3ce5 (webtiles) character file.

Game seed: 3609063318751064530

30 vladvlad the Caller (level 3, 0/19 HPs)
             Began as a Deep Elf Summoner on Feb 17, 2019.
             Slain by a sky beast (5 damage)
             ... on level 2 of the Dungeon on Feb 19, 2019.
             The game lasted 00:49:58 (1659 turns).

vladvlad the Caller (Deep Elf Summoner)             Turns: 1659, Time: 00:50:02

Health: 0/19       AC:  3    Str:  5    XL:     3   Next: 5%
Magic:  3/10       EV: 12    Int: 20    God:
Gold:   65         SH:  0    Dex: 15    Spells: 7/10 levels left

rFire    . . .     SeeInvis .   (no weapon)
rCold    . . .     Gourm    .   (no shield)
rNeg     . . .     Faith    .   h - +0 leather armour
rPois    .         Spirit   .   (no helmet)
rElec    .         Reflect  .   (no cloak)
rCorr    .         Harm     .   (no gloves)
MR       .....                  (no boots)
Stlth    ++........             (no amulet)
HPRegen  0.06/turn              (no ring)
MPRegen  0.12/turn              (no ring)

@: no status effects
A: no striking features
a: no special abilities


You were on level 2 of the Dungeon.
You were hungry.

You visited 1 branch of the dungeon, and saw 2 of its levels.

You collected 65 gold pieces.

Inventory:

Hand Weapons
 m - a +0 spear
Armour
 a - a +0 robe
 h - a +0 leather armour (worn)
 l - a -1 leather armour
Jewellery
 g - an uncursed ring of protection from fire {unknown}
Scrolls
 b - a scroll of enchant armour {unknown}
 d - 2 scrolls of identify {unknown}
 i - a scroll of teleportation {unknown}
 k - a scroll of enchant weapon {unknown}
 o - a scroll of amnesia {unknown}
 p - 2 scrolls of fog {unknown}
Potions
 e - 3 potions of flight {unknown}
 f - 2 potions of resistance {unknown}
 n - a potion of heal wounds {unknown}
 q - a potion of curing {unknown}
Comestibles
 c - a ration
 j - 4 chunks of flesh


   Skills:
 - Level 2.4 Dodging
 - Level 2.4 Stealth
 * Level 4.0 Spellcasting
 * Level 5.0 Summonings


You had 7 spell levels left.
You knew the following spells:

 Your Spells              Type           Power        Failure   Level  Hunger
a - Summon Small Mammal   Summ           ###.         2%          1    None
b - Call Imp              Summ           ###.....     4%          2    #......

Your spell library contained the following spells:

 Spells                   Type           Power        Failure   Level  Hunger
 Call Canine Familiar     Summ           ###.....     9%          3    ###....
 Summon Guardian Golem    Hex/Summ       ##......     22%         3    ###....
 Summon Ice Beast         Ice/Summ       ##......     58%         4    ####...
 Summon Lightning Spire   Summ/Air       ##......     58%         4    ####...


Dungeon Overview and Level Annotations

Branches:
Dungeon (2/15)

Altars:


Message History

Deactivating autopickup; reactivate with Ctrl-A.
Something hits you but does no damage.
Your crimson imp blinks!
Your crimson imp closely misses something.
You see here 13 poisoned needles.
A sky beast appears from thin air!
Reactivating autopickup.
The sky beast flickers out of sight!
Deactivating autopickup; reactivate with Ctrl-A.
A sky beast appears from thin air!
Reactivating autopickup.
The sky beast flickers out of sight!
Deactivating autopickup; reactivate with Ctrl-A.
Casting: Call Imp (safe; 4% risk of failure)
Confirm with . or Enter, or press ? or * to list all spells.
A beastly little devil appears in a puff of flame.
Something hits you.
* * * LOW HITPOINT WARNING * * *
Something shocks you.
You die...

........####≈≈≈≈≈####.###.....###
.......## ##########5###.#...# #
#.....## ###..§.............#
##...## ##.#.#####..###.##.##
##'## ##....# #.........# ##÷##
#....5# #.####.####
##.#5######....# #.# #.#
5.###...# ##.#5#####.# #.##
.#.#.##.# #.#.{@5...# #.#.#####
#5....#5# #.##########.###.§)5#
.#.5.##5# #.# ## #.###(#
.##.###.####.# #.# #[##
5##..........# ## #5Y.
.......5###### #### #########


You could see 2 friendly crimson imps.

Vanquished Creatures (collateral kills)
  An adder (D:2)
  An ooze (D:2)
  A worm (D:2)
  4 dart slugs
  A leopard gecko (D:2)
  3 giant cockroaches
  A goblin (D:2)
  5 hobgoblins
  A ball python (D:2)
  7 bats
  A kobold (D:2)
  2 rats
28 creatures vanquished.

Notes
Turn   | Place    | Note
-------+----------+-------------------------------------------
     0 | D:1      | vladvlad the Deep Elf Summoner began the quest for the Orb.
     0 | D:1      | Reached XP level 1. HP: 10/10 MP: 6/6
   673 | D:1      | Upgraded the game from 0.23.0 to 0.23.0-2-g0fe3ce5
   730 | D:2      | Reached XP level 2. HP: 15/15 MP: 4/8
   736 | D:2      | Learned a level 2 spell: Call Imp
  1546 | D:2      | Reached skill level 5 in Summonings
  1546 | D:2      | Reached XP level 3. HP: 19/19 MP: 8/10
  1594 | D:2      | Noticed a sky beast
  1659 | D:2      | Slain by a sky beast

Skill      XL: |  1  2 |
---------------+-------+-----
Spellcasting   | 4 |  4.0
Summonings     | 5 |  5.0
Dodging        | |  2.4
Stealth        | |  2.4

Action                   || total
-------------------------++-------
Melee: Unarmed           ||    16
 Cast: Summon Small Mamm ||    25
       Call Imp          ||    19
  Use: Scroll            ||     2
  Eat: Chunk             ||     2
Armor: Leather armour    ||    15
Dodge: Dodged            ||    21
